 Dungeon Crawl Stone Soup version 0.25-a0-398-g1920f1ac21 (console) character file.

Game seed: 6576793174510170310, levelgen mode: deterministic

44 Kagalorn the Sneak (level 3, -8/31 HPs)
             Began as a Naga Arcane Marksman on Jan 8, 2020.
             Mangled by Crazy Yiuf
             ... wielding a +3 quarterstaff of chaos
              (16 damage)
             ... on level 2 of the Dungeon.
             The game lasted 00:04:12 (1453 turns).

Kagalorn the Sneak (Naga Arcane Marksman)           Turns: 1453, Time: 00:04:13

Health: -8/31      AC:  3    Str: 13    XL:     3   Next: 62%
Magic:  4/4        EV: 10    Int: 13    God:
Gold:   103        SH:  0    Dex: 11    Spells: 3/4 levels left

rFire    . . .     SeeInvis +   a - +0 shortbow
rCold    . . .     Gourm    .   (shield currently unavailable)
rNeg     . . .     Faith    .   e - +0 robe
rPois    +         Spirit   .   b - +1 hat
rElec    .         Reflect  .   (no cloak)
rCorr    .         Harm     .   (no gloves)
MR       .....                  (no barding)
Stlth    +++.......             (no amulet)
HPRegen  0.10/turn              (no ring)
MPRegen  0.09/turn              (no ring)

@: very slow
A: large, see invisible, deformed body, poison resistance, slowness 2, slow
metabolism 1, spit poison 1, AC +1
a: Spit Poison


You were on level 2 of the Dungeon.
You were not hungry.

You visited 1 branch of the dungeon, and saw 2 of its levels.

You collected 103 gold pieces.

Inventory:

Hand Weapons
 a - a +0 shortbow (weapon)
 m - a +1 hand axe of flaming
Missiles
 d - 46 arrows (quivered)
 k - 21 poisoned darts
 l - 2 atropa-tipped darts
Armour
 b - a +1 hat (worn)
 e - a +0 robe (worn)
Scrolls
 g - 3 scrolls of remove curse {unknown}
 i - 2 scrolls of identify {unknown}
 j - a scroll of teleportation {unknown}
 n - a scroll of magic mapping {unknown}
Potions
 c - a potion of invisibility {unknown}
 h - 2 potions of flight {unknown}
 o - 3 potions of lignification {unknown}
Comestibles
 f - a ration
 p - 2 chunks of flesh


   Skills:
 - Level 1.0 Fighting
 - Level 1.7 Bows
 - Level 1.5 Dodging
 * Level 5.1 Stealth
 - Level 1.0 Spellcasting
 - Level 3.0 Hexes


You had 3 spell levels left.
You knew the following spells:

 Your Spells              Type           Power        Failure   Level  Hunger
a - Corona                Hex            #......      9%          1    ##.....

Your spell library contained the following spells:

 Spells                   Type           Power        Failure   Level  Hunger
 Slow                     Hex            #.......     12%         2    ###....
 Inner Flame              Hex/Fire       #.......     41%         3    ####...
 Portal Projectile        Hex/Tloc       #.....       41%         3    ####...
 Cause Fear               Hex            #.........   63%         4    #####..
 Leda's Liquefaction      Hex/Erth       #.........   83%         4    #####..


Dungeon Overview and Level Annotations

Branches:
Dungeon (2/15)

Altars:
Ashenzari
Nemelex Xobeh
Trog
The Shining One

Annotations:
D:2 Crazy Yiuf


Innate Abilities, Weirdness & Mutations

You cannot wear boots.
Your serpentine skin is tough. (AC +1)
You have supernaturally acute eyesight. (SInv)
Armour fits poorly on your strangely shaped body.
Your system is resistant to poisons. (rPois)
You cover ground very slowly.
You have a slow metabolism.
You can spit poison.


Message History

Crazy Yiuf burns you.
Firing (i - inventory. (/) - cycle)
d - 48 arrows (quivered)
Press: ? - help, Shift-Dir - straight line, f/p - Crazy Yiuf
Aim: Crazy Yiuf, wielding a +3 quarterstaff of chaos, wearing a +1 cloak of poison resistance and carrying a wand of digging (2)
You shoot an arrow. The arrow hits Crazy Yiuf.
Crazy Yiuf is moderately wounded.
Crazy Yiuf screams, "Blight turtle senile!"
Crazy Yiuf hits you with a +3 quarterstaff of chaos!
Firing (i - inventory. (/) - cycle)
d - 47 arrows (quivered)
Press: ? - help, Shift-Dir - straight line, f/p - Crazy Yiuf
Aim: Crazy Yiuf, wielding a +3 quarterstaff of chaos, wearing a +1 cloak of poison resistance and carrying a wand of digging (2) (moderately wounded)
You shoot an arrow. The arrow hits Crazy Yiuf.
Crazy Yiuf is moderately wounded.
You have got your breath back.
Crazy Yiuf cries, "Whiteboard aubergine green!"
Crazy Yiuf hits you with a +3 quarterstaff of chaos!
* * * LOW HITPOINT WARNING * * *
You are electrocuted!
Ouch! That really hurt!
You die...

..........÷)....'..
#####......##...##.
#......##...##.
#########...##.
#...##. #...##. ###
♣♣####...##. #)..#♣♣
♣♣....#...##.
#.(.g@♣♣♣♣P.........#.
#...#♣..♣.PP........#.
### ♣♣♣.♣..........#.
♣♣♣♣♣##......#.
#......#. ###......#.
#........#.
#........## ##########


You could see Crazy Yiuf.

Vanquished Creatures
  An adder (D:2)
  A worm (D:2)
  A dart slug (D:1)
  2 leopard geckos
  3 bats (D:2)
  3 giant cockroaches (D:2)
  5 goblins
  2 hobgoblins (D:2)
  A ball python (D:1)
  6 kobolds
  A rat (D:1)
26 creatures vanquished.

Notes
Turn   | Place    | Note
-------+----------+-------------------------------------------
     0 | D:1      | Kagalorn the Naga Arcane Marksman began the quest for the
                  | Orb.
     0 | D:1      | Reached XP level 1. HP: 18/18 MP: 2/2
   158 | D:1      | Reached skill level 1 in Stealth
   199 | D:1      | Reached skill level 2 in Stealth
   282 | D:1      | You fall into a shaft and drop 1 floor!
   290 | D:2      | Reached XP level 2. HP: 17/25 MP: 3/3
   337 | D:2      | Reached skill level 3 in Stealth
   429 | D:2      | Found a bloodstained altar of Trog.
   429 | D:2      | Found a shattered altar of Ashenzari.
   430 | D:2      | Found a sparkling altar of Nemelex Xobeh.
   928 | D:2      | Reached skill level 4 in Stealth
   946 | D:2      | Reached XP level 3. HP: 10/31 MP: 4/4
  1291 | D:2      | Found a glowing golden altar of the Shining One.
  1323 | D:2      | Reached skill level 5 in Stealth
  1445 | D:2      | Found a runed translucent door.
  1446 | D:2      | Noticed Crazy Yiuf
  1453 | D:2      | Mangled by Crazy Yiuf

Levels and vault maps discovered:
D:1:      dpeg_arrival_rhombi, layout_loops_ring
D:2:      layout_basic, lemuel_doored_altar,
          gammafunk_temple_overflow_forgotten, uniq_crazy_yiuf_cottage,
          uniq_sigmund

Skill      XL: |  1  2  3 |
---------------+----------+-----
Stealth        | 2 4 5 |  5.1
Fighting       | |  1.0
Bows           | |  1.7
Dodging        | |  1.5
Spellcasting   | |  1.0
Hexes          | |  3.0

Action                   || total
-------------------------++-------
Melee: Unarmed           ||    28
 Fire: Shortbow          ||     6
 Abil: Spit Poison       ||    40
 Stab: Sleeping          ||     2
  Eat: Chunk             ||     3
Armor: Robe              ||    10
Dodge: Dodged            ||    22

Table legend:
 A = Non-vault XP
 B = Vault XP
 C = Vault XP percentage of total XP
 D = Non-vault monster count
 E = Vault monster count
 F = Vault count percentage of total count
                 A         B        C        D         E       F
            +---------+---------+-------+---------+---------+-------
      Total |      64 |       0 |   0.0 |      26 |       0 |   0.0
            +---------+---------+-------+---------+---------+-------
        D:1 |      19 |       0 |   0.0 |      10 |       0 |   0.0
        D:2 |      45 |       0 |   0.0 |      16 |       0 |   0.0
            +---------+---------+-------+---------+---------+-------
